 Dungeon Crawl Stone Soup version 0.31-a0-1009-g454b1f1e0a (webtiles) character file.

Game seed: 14164027005509524730

19 Dirtsage the Changeling (level 2, 0/18 HPs)
             Began as an Octopode Shapeshifter on Nov 13, 2023.
             Slain by Terence
             ... wielding a +0 short sword
              (3 damage)
             ... on level 2 of the Dungeon.
             The game lasted 00:02:36 (693 turns).

Dirtsage the Changeling (Octopode Shapeshifter)      Turns: 693, Time: 00:02:37

Health: 0/18       AC:  1    Str: 13    XL:     2   Next: 75%
Magic:  11/11      EV: 13    Int: 12    God:
Gold:   33         SH:  0    Dex: 11    Spells: 1/1 levels left

rFire   . .          .
                       - Unarmed
rCold   . . .        (no shield)
rNeg    . . .        (helmet currently unavailable)
rPois   .            (no amulet)
rElec   .            d - ring of magical power
rCorr   .            (no ring)
SInv    .            (no ring)
Will    .....        (no ring)
Stlth   ++           (no ring)
HPRegen 0.23/turn    (no ring)
MPRegen 0.12/turn    (no ring)
                     (no ring)

%: no passive effects
@: beast-form
A: beast (slay +1), almost no armour, amphibious, 8 rings, camouflage 1,
gelatinous body 1, (nimble swimmer 1), tentacles
a: Begin Untransformation


You were on level 2 of the Dungeon.
You were a hulking beast.
You visited 1 branch of the dungeon, and saw 2 of its levels.

You collected 33 gold pieces.

Inventory:

Jewellery
 d - a ring of magical power (left tentacle)
Talismans
 b - a beast talisman
 c - a flux talisman
Scrolls
 g - 2 scrolls of identify {unknown}
Potions
 a - a potion of lignification
 e - a potion of ambrosia {unknown}
 f - a potion of mutation {unknown}
 h - a potion of heal wounds {unknown}


   Skills:
 + Level 1.4 Fighting
 - Level 2.0 Dodging
 + Level 3.2 Unarmed Combat
 * Level 3.4 Shapeshifting


You had one spell level left.
You didn't know any spells.
Your spell library was empty.

Dungeon Overview and Level Annotations

Branches:
Dungeon (2/15)

Altars:

Shops:
D:1 ?

Annotations:
D:2 Terence


Innate Abilities, Weirdness & Mutations

You are a hulking beast.
Your limbs bulge with bestial killing power. (Slay +1)
You cannot wear most types of armour.
You are amphibious.
You can wear up to eight rings at the same time.
Your skin changes colour to match your surroundings (Stealth+).
Your rubbery body absorbs attacks. (AC +1, EV +1)
((You are camouflaged when in or above water. (Stealth+)))
You have tentacles for arms and can constrict up to eight enemies at once.


Message History

The jackal completely misses you.
You tentacle-slap the hobgoblin.
You kill the hobgoblin!
The jackal bites you but does no damage.
You tentacle-slap the jackal but do no damage.
You grab the jackal. You tentacle-slap the jackal.
You kill the jackal!
You tentacle-slap Terence but do no damage.
You grab Terence.
You constrict Terence, but do no damage.
Terence hits you with a +0 short sword.
You take 4 damage, and have 13/18 hp.
MASSIVE DAMAGE!!
You tentacle-slap Terence.
Terence is lightly wounded.
You constrict Terence. Terence hits you with a +0 short sword.
You take 6 damage, and have 7/18 hp.
MASSIVE DAMAGE!!
You tentacle-slap Terence but do no damage.
Terence is lightly wounded.
You constrict Terence. Terence hits you with a +0 short sword.
* * * LOW HITPOINT WARNING * * *
You take 2 damage, and have 5/18 hp.
You tentacle-slap Terence. You squeeze Terence, but do no damage.
Terence is moderately wounded.
You constrict Terence, but do no damage.
Terence misses you.
You tentacle-slap Terence.
You tentacle-slap Terence, but do no damage.
Terence is heavily wounded.
You constrict Terence, but do no damage.
Terence barely misses you.
You tentacle-slap Terence but do no damage.
Terence is heavily wounded.
You constrict Terence. Terence hits you with a +0 short sword.
* * * LOW HITPOINT WARNING * * *
You take 3 damage, and have 3/18 hp.
You tentacle-slap Terence.
Terence is severely wounded.
You constrict Terence. Terence hits you with a +0 short sword.
You die...
Terence says, "Rest in peace."

...... .## ..
#..#. # .. ..
..... #. .... ....
#..#.#. ##..#
..... ...# ...
#..#
#..###†####<.#.###
.../...@h........#
#....######..##..#
#.. #..# .# .
.[... #.....
#.##..# #.# ..# .#
.#


You could see Terence.

Vanquished Creatures
  2 endoplasms (D:1)
  A giant cockroach (D:1)
  A goblin (D:1)
  2 hobgoblins
  2 jackals (D:2)
  A ball python (D:1)
  3 bats (D:1)
  3 kobolds (D:1)
  3 rats (D:1)
18 creatures vanquished.

Notes
Turn   | Place    | Note
-------+----------+-------------------------------------------
     0 | D:1      | Dirtsage the Octopode Shapeshifter began the quest for the
                  | Orb.
     0 | D:1      | Reached XP level 1. HP: 13/13 MP: 1/1
   153 | D:1      | Found Fuerinof's Magic Scroll Emporium.
   237 | D:1      | Reached XP level 2. HP: 10/18 MP: 2/2
   676 | D:2      | Identified the "Xoelerig"
   679 | D:2      | Noticed Terence
   693 | D:2      | Slain by Terence

Illustrated notes

Levels and vault maps discovered:
D:1:      wander_arrival_chamber, layout_basic, serial_shops, shop
D:2:      layout_basic, shapermc_ecumenical_altar_mp_urbaneastern,
          minmay_pentomino_z2, uniq_terence

Action                     || total
---------------------------++-------
  Melee: Unarmed           ||    39
         Constrict         ||    12
         Tentacles         ||     8
         Punch             ||     3
   Stab: Sleeping          ||     3
 Armour: Skin              ||    25
  Dodge: Dodged            ||    33

Table legend: (Time is in decaauts)
 A = Elapsed time spent in this place.
 B = Non-inter-level travel time spent in this place.
 C = Inter-level travel time spent in this place.
 D = Time resting spent in this place.
 E = Time spent auto-exploring this place.
 F = Levels seen in this place.
 G = Mean time per level.
                   A        B        C        D        E       F      G
               +--------+--------+--------+--------+--------+-----+--------+
         Total |    689 |    673 |     16 |      0 |    549 |   2 |  344.5 |
       Dungeon |    689 |    673 |     16 |      0 |    549 |   2 |  344.5 |
               +--------+--------+--------+--------+--------+-----+--------+

Top non-repeatable levels by time:
     D:1: 674 daAuts
     D:2: 15 daAuts
